 Dungeon Crawl Stone Soup version 0.22.1-1-ga44c0e5 (webtiles) character file.

1344 tifemel the Archer (level 8, -2/70 HPs)
             Began as a Centaur Hunter on Sept 28, 2018.
             Was a Believer of Okawaru.
             Slain by a spriggan baker
             ... wielding a +0 dagger
              (7 damage)
             ... on level 6 of the Dungeon.
             The game lasted 00:26:01 (9340 turns).

tifemel the Archer (Centaur Hunter)                 Turns: 9340, Time: 00:26:02

Health: -2/70      AC:  6    Str: 16    XL:     8   Next: 36%
Magic:  8/8        EV:  9    Int: 10    God:    Okawaru [**....]
Gold:   292        SH:  0    Dex: 11    Spells: 7/7 levels left

rFire    . . .     SeeInvis .   a - +1 shortbow
rCold    . . .     Gourm    .   (shield currently unavailable)
rNeg     . . .     Faith    .   c - +0 leather armour
rPois    .         Spirit   .   t - +0 helmet
rElec    .         Reflect  .   (no cloak)
rCorr    .         Harm     .   z - +0 pair of gloves
MR       .....                  (no barding)
Stlth    +.........             r - amulet of rage
HPRegen  0.21/turn              (no ring)
MPRegen  0.11/turn              (no ring)

@: very quick
A: large, hooves 3, deformed body, speed 2, tough skin 3
a: Heroism, Renounce Religion, Evoke Berserk Rage


You were on level 6 of the Dungeon.
You worshipped Okawaru.
Okawaru was pleased with you.
You were not hungry.

You visited 2 branches of the dungeon, and saw 8 of its levels.

You collected 322 gold pieces.
You spent 30 gold pieces at shops.

Inventory:

Hand Weapons
 a - a +1 shortbow (weapon)
Missiles
 d - 109 arrows (quivered)
Armour
 c - a +0 leather armour (worn)
 t - a +0 helmet (worn)
 z - a +0 pair of gloves (worn)
Jewellery
 r - an amulet of rage (around neck)
 w - an uncursed amulet of inaccuracy
Wands
 x - a wand of digging (20)
 y - a wand of enslavement (16)
 B - a wand of polymorph (21)
 C - a wand of disintegration (18)
Scrolls
 e - a scroll of blinking {unknown}
 g - a scroll of acquirement {unknown}
 j - 6 scrolls of remove curse
 l - 2 scrolls of fear
 m - a scroll of magic mapping {unknown}
 n - 2 scrolls of teleportation {unknown}
 p - 2 scrolls of immolation
 q - a scroll of amnesia {unknown}
 v - 2 scrolls of noise {unknown}
 A - 2 scrolls of identify
Potions
 b - 2 potions of heal wounds
 h - 2 potions of lignification
 i - 2 potions of brilliance {unknown}
 k - 3 potions of agility
 o - a potion of flight {unknown}
 s - 2 potions of curing {unknown}
 u - 2 potions of degeneration {unknown}
Comestibles
 f - 8 rations


   Skills:
 + Level 6.2 Fighting
 + Level 9.4 Bows
 - Level 1.3 Dodging
 - Level 0.4 Stealth
 + Level 5.7 Unarmed Combat


You had 7 spell levels left.
You didn't know any spells.
Your spell library was empty.

Dungeon Overview and Level Annotations

Branches:
Dungeon (7/15)             Temple (1/1) D:4

Altars:
Ashenzari
Elyvilon
Fedhas
Makhleb
Nemelex Xobeh
Okawaru
Sif Muna
Vehumet
Wu Jian
Zin

Shops:
D:4 (   D:5 ?


Innate Abilities, Weirdness & Mutations

You have hooves in place of feet.
Armour fits poorly on your strangely shaped body.
You cover ground very quickly.
You have extremely tough skin. (AC +3)


Message History

* * * LOW HITPOINT WARNING * * *
You miss the spriggan baker. Your kick misses the spriggan baker.
The spriggan baker is almost dead.
The spriggan baker hits you with a dagger!
* * * LOW HITPOINT WARNING * * *
Wield which item (- for none, * to show all)? (? for menu, Esc to quit)
a - a +1 shortbow (weapon)
The spriggan baker barely misses you.
There is an open door here.
You are too injured to fight recklessly!
Firing (i - inventory)
d - 110 arrows (quivered)
Press: ? - help, Shift-Dir - straight line, f - spriggan baker
Aim: a spriggan baker, wielding a dagger and wearing a robe (severely wounded)
You shoot an arrow.
The arrow barely misses the spriggan baker.
The spriggan baker hits you with a dagger!
* * * LOW HITPOINT WARNING * * *
There is an open door here.
The spriggan baker hits you with a dagger!
You die...

#..............#.............
#....'...#.....#.............
#....#...'.....#.............
###'#############.............
#.....#...##...##...####..####
#.....#........#############..
#.....#........#...........#..
#.....#........'...........'[.
#.....###'##.@i##..........#..
#.....#...##...##...########..
#######........##...#.......##
#..........#...#.......#
#..........'...#.......#
#..........#...'......(#
##...##...######.......##
###+##...##..####'#.....
#.................#...>.


You could see a spriggan baker.

Vanquished Creatures
  Grinder (D:6)
  Duvessa (D:6)
  A sky beast (D:6)
  Dowan (D:6)
  A water moccasin skeleton (D:7)
  A scorpion (D:5)
  3 wights (D:6)
  2 howler monkeys
  A bullfrog zombie (D:6)
  4 orc priests
  3 worker ants
  3 orc wizards
  2 iguanas
  A hound zombie (D:6)
  4 gnolls (D:3)
  5 adders
  An ooze (D:4)
  An adder skeleton (D:4)
  4 worms
  2 dart slugs
  A leopard gecko (D:3)
  22 orcs
  4 bats
  6 giant cockroaches
  9 goblins
  14 hobgoblins
  6 jackals
  12 kobolds
  A quokka (D:3)
  4 frilled lizards
  2 quokka skeletons
  11 rats
134 creatures vanquished.

Notes
Turn   | Place    | Note
-------+----------+-------------------------------------------
     0 | D:1      | tifemel the Centaur Hunter began the quest for the Orb.
     0 | D:1      | Reached XP level 1. HP: 17/17 MP: 1/1
   239 | D:1      | Reached XP level 2. HP: 15/24 MP: 2/2
   425 | D:1      | Reached skill level 1 in Unarmed Combat
   854 | D:1      | Reached XP level 3. HP: 28/30 MP: 3/3
  1194 | D:2      | Found a sparkling altar of Nemelex Xobeh.
  1552 | D:2      | Found a faded altar of an unknown god.
  1981 | D:2      | Reached skill level 6 in Bows
  2357 | D:3      | Reached XP level 4. HP: 24/38 MP: 4/4
  2934 | D:3      | You fall through a shaft!
  3269 | D:3      | Reached XP level 5. HP: 42/45 MP: 5/5
  3594 | D:3      | Found a deep blue altar of Sif Muna.
  4162 | D:4      | Found a staircase to the Ecumenical Temple.
  4538 | Temple   | Entered the Ecumenical Temple
  4573 | Temple   | Became a worshipper of Warmaster Okawaru
  4740 | D:4      | Found Boul's Antique Weapon Shoppe.
  4788 | D:4      | Reached skill level 7 in Bows
  4788 | D:4      | Reached XP level 6. HP: 46/52 MP: 6/6
  5466 | D:5      | Entered Level 5 of the Dungeon
  5573 | D:5      | Found Ipaogrib's Magic Scroll Emporium.
  5635 | D:5      | Bought a scroll of identify for 30 gold pieces
  5895 | D:5      | Found a radiant altar of Vehumet.
  6444 | D:6      | Found a burning altar of Makhleb.
  7066 | D:5      | Reached XP level 7. HP: 30/60 MP: 7/7
  7594 | D:6      | Reached skill level 5 in Fighting
  7594 | D:6      | Reached skill level 8 in Bows
  8182 | D:6      | Noticed Grinder
  8201 | D:6      | Killed Grinder
  8201 | D:6      | Reached * piety under Okawaru
  8295 | D:6      | Noticed Duvessa
  8302 | D:6      | Killed Duvessa
  8302 | D:6      | Reached skill level 5 in Unarmed Combat
  8314 | D:6      | Found a sparkling altar of Nemelex Xobeh.
  8317 | D:6      | Noticed Dowan
  8342 | D:6      | Killed Dowan
  8342 | D:6      | Reached XP level 8. HP: 34/70 MP: 8/8
  8813 | D:6      | Reached skill level 9 in Bows
  8960 | D:6      | Reached ** piety under Okawaru
  9340 | D:6      | Slain by a spriggan baker

Skill      XL: |  1  2  3  4  5  6  7  8 |
---------------+-------------------------+-----
Unarmed Combat | 1 2 3 4 5 |  5.7
Bows           | 6 7 8 9 |  9.4
Fighting       | 3 4 5 6 |  6.2
Dodging        | |  1.3
Stealth        | |  0.4

Action                   |  1- 3 |  4- 6 |  7- 9 || total
-------------------------+-------+-------+-------++-------
Melee: Unarmed           |   211 |   189 |    82 ||   482
       Kick              |    35 |    45 |    14 ||    94
       Punch             |       |     2 |     1 ||     3
 Fire: Shortbow          |       |   119 |    90 ||   209
  Use: Scroll            |       |     7 |       ||     7
  Eat: Chunk             |     3 |    13 |     4 ||    20
       Ration            |       |       |     1 ||     1
Armor: Leather armour    |    74 |    54 |    20 ||   148
Dodge: Dodged            |    96 |    81 |    29 ||   206
